 Dungeon Crawl Stone Soup version 0.30-a0-358-g0d69a1922f (webtiles) character file.

Game seed: 2175578745024162918

1168 KKCryptic the Cleaver (level 8, -2/64 HPs)
             Began as a Minotaur Fighter on Nov 9, 2022.
             Slain by an unseen horror (6 damage)
             ... on level 6 of the Dungeon.
             The game lasted 00:15:36 (4897 turns).

KKCryptic the Cleaver (Minotaur Fighter)            Turns: 4897, Time: 00:15:36

Health: -2/64      AC:  9    Str: 22    XL:     8   Next: 17%
Magic:  7/7        EV:  9    Int:  5    God:
Gold:   478        SH:  5    Dex: 17    Spells: 7/7 levels left

rFire   . . .      SeeInvis .    a - +0 war axe
rCold   + . .      Faith    .    c - +0 buckler
rNeg    . . .      Spirit   .    b - +0 scale mail
rPois   .          Reflect  .    (helmet restricted)
rElec   .          Harm     .    (no cloak)
rCorr   .          Rampage  .    s - +0 pair of gloves
Will    .....                    q - +0 pair of boots
Stlth   ..........               z - amulet of magic regeneration
HPRegen 0.30/turn                t - +6 ring of dexterity
MPRegen 0.50/turn                k - ring of protection from cold

@: mighty
A: horns 2, retaliatory headbutt
a: no special abilities


You were on level 6 of the Dungeon.
You visited 1 branch of the dungeon, and saw 6 of its levels.
You also visited: Ossuary.

You collected 478 gold pieces.

Inventory:

Hand Weapons
 a - a +0 war axe (weapon)
Missiles
 e - 47 stones (quivered)
Armour
 b - a +0 scale mail (worn)
 c - a +0 buckler (worn)
 q - a +0 pair of boots (worn)
 s - a +0 pair of gloves (worn)
Jewellery
 k - a ring of protection from cold (right hand)
 t - a +6 ring of dexterity (left hand)
 z - an amulet of magic regeneration (around neck)
Scrolls
 f - a scroll of poison {unknown}
 i - 2 scrolls of teleportation
 o - a scroll of enchant armour {unknown}
 v - 2 scrolls of torment {unknown}
 y - a scroll of fog {unknown}
 A - a scroll of fear {unknown}
 B - 2 scrolls of silence {unknown}
 C - 2 scrolls of identify
 D - a scroll of enchant weapon {unknown}
Potions
 d - a potion of ambrosia {unknown}
 g - 2 potions of heal wounds
 h - a potion of lignification
 j - a potion of cancellation {unknown}
 l - 5 potions of curing
 m - 2 potions of resistance
 n - 2 potions of brilliance {unknown}
 p - 4 potions of haste
 r - 2 potions of mutation
 u - a potion of degeneration {unknown}
 w - 5 potions of flight {unknown}
 x - 2 potions of might


   Skills:
 - Level 3.6 Fighting
 + Level 11.8 Axes
 - Level 3.6 Armour
 - Level 3.6 Shields


You had 7 spell levels left.
You didn't know any spells.
Your spell library contained the following spells:

 Spells                   Type           Power      Damage    Failure   Level
 Sting                    Tmut/Pois      0%         1d3       88%         1
 Summon Small Mammal      Summ           0%         N/A       88%         1
 Ensorcelled Hibernation  Hex/Ice        0%         N/A       95%         2
 Passwall                 Tmut/Erth      0%         N/A       95%         2
 Poisonous Vapours        Pois/Air       0%         N/A       95%         2
 Call Canine Familiar     Summ           0%         N/A       99%         3
 Summon Guardian Golem    Hex/Summ       0%         N/A       99%         3
 Swiftness                Air            0%         N/A       99%         3
 Olgreb's Toxic Radiance  Pois           0%         N/A       100%        4


Dungeon Overview and Level Annotations

Branches:
Dungeon (6/15)            Ossuary (visited)
 Temple: D:4-7

Altars:
Cheibriados
Hepliaklqana
Makhleb
Wu Jian
The Shining One

Shops:
D:1 :

Annotations:
D:4 1 runed translucent door, baller8008's ghost, amateur HuFi
D:5 2 transporters, kd29's ghost, amateur DsMo


Innate Abilities, Weirdness & Mutations

You have a pair of horns on your head.
You reflexively headbutt those who attack you in melee.


Message History

You slash the ice beast! Your headbutt misses the ice beast.
The ice beast is severely wounded.
Something hits you but does no damage.
The ice beast hits you but does no damage.
You slice the ice beast!!
You kill the ice beast!
Something hits you!
You slash the iguana!
The iguana is severely wounded.
Something completely misses you.
The iguana bites you but does no damage.
You slice the iguana!!
You kill the iguana!
You closely miss something. Something hits you but does no damage.
Something hits you.
You closely miss something. Something hits you but does no damage.
A gnoll comes into view. It is wielding a +0 spear.
Something hits you.
* * * LOW HITPOINT WARNING * * *
Something hits you but does no damage.
You closely miss something. Your headbutt misses something.
Something hits you but does no damage. Something hits you.
* * * LOW HITPOINT WARNING * * *
You see here a +0 giant club.
Something hits you but does no damage. Something hits you.
* * * LOW HITPOINT WARNING * * *
Okay, then.
You feel better. Something hits you but does no damage.
You block something's attack. Something hits you.
* * * LOW HITPOINT WARNING * * *
Something hits you.
* * * LOW HITPOINT WARNING * * *
Something hits you!
* * * LOW HITPOINT WARNING * * *
Something hits you.
* * * LOW HITPOINT WARNING * * *
Something hits you.
You die...

#.....#..8..#.. .. .< ..#
#..⌠..#.....#.## .#.# #. #.#
..⌠⌠⌠..8.8.8...##.#.# #.###..
#..⌠..#.....#.....#.#######......
#.....#..8..#.........##.........
###†#####.###.......#.##.........
#.....#..........#..#.##.........
#.....#.............#.#######<...
......).........@...#.##.# ####.
#.....#..........#....##.# #.
#.....#.....?....####....## ##+
###.###..............##...#####..
.................... ##...†).#..
..........!..........# #.#.##.#..
##############....?..# #.#.##....
#.$.....# #.#.##.... ......
#.#.##....


There were no monsters in sight!

Vanquished Creatures
  An ice beast (D:6)
  A black bear (D:4)
  An ogre (D:6)
  A centaur (D:3)
  A necrophage (D:4)
  A scorpion (D:6)
  2 killer bees
  4 hounds
  2 jellies (D:5)
  A gnoll bouda (D:5)
  3 iguanas
  8 mummies (Ossuary)
  12 gnolls
  4 adders
  A worm (D:3)
  3 dart slugs
  10 orcs
  6 ball pythons
  An endoplasm (D:1)
  2 giant cockroaches
  A gnoll zombie (Ossuary)
  5 goblins
  10 hobgoblins
  3 quokkas
  3 bats
  4 frilled lizards
  A hobgoblin zombie (Ossuary)
  8 kobolds
  2 kobold zombies (Ossuary)
  4 orc zombies (Ossuary)
  6 rats
112 creatures vanquished.

Vanquished Creatures (others)
  4 plants (D:3)
  4 withered plants (D:3)
8 creatures vanquished.

Grand Total: 120 creatures vanquished

Notes
Turn   | Place    | Note
-------+----------+-------------------------------------------
     0 | D:1      | KKCryptic the Minotaur Fighter began the quest for the Orb.
     0 | D:1      | Reached XP level 1. HP: 19/19 MP: 0/0
    54 | D:1      | Found Tileidgh's Vocational Training.
    61 | D:1      | Reached skill level 3 in Axes
   191 | D:1      | Reached XP level 2. HP: 23/26 MP: 1/1
   340 | D:1      | Reached skill level 4 in Axes
   448 | D:1      | Reached XP level 3. HP: 31/31 MP: 2/2
  1395 | D:3      | Noticed a centaur
  1407 | D:3      | Reached skill level 5 in Axes
  1407 | D:3      | Killed a centaur
  1408 | D:3      | Reached skill level 6 in Axes
  1408 | D:3      | Reached XP level 4. HP: 28/39 MP: 3/3
  1484 | D:3      | Reached XP level 5. HP: 43/45 MP: 4/4
  1927 | D:3      | Found a faded altar of an unknown god.
  2045 | D:3      | Found a glowing golden altar of the Shining One.
  2045 | D:3      | Found a hazy altar of Hepliaklqana.
  2045 | D:3      | Found an ornate altar of the Wu Jian Council.
  2055 | D:3      | Found a snail-covered altar of Cheibriados.
  2470 | D:4      | Noticed a black bear
  2475 | D:4      | Killed a black bear
  2476 | D:4      | Reached skill level 7 in Axes
  2476 | D:4      | Reached XP level 6. HP: 51/51 MP: 5/5
  2551 | D:4      | Reached skill level 8 in Axes
  2696 | D:4      | Found a burning altar of Makhleb.
  2696 | D:4      | Noticed a cacodemon
  2925 | D:4      | Found a runed translucent door.
  2927 | D:4      | Noticed baller8008's ghost (amateur HuFi)
  2927 | D:4      | Noticed a sky beast
  2966 | D:4      | Found a sand-covered staircase.
  2974 | Ossuary  | Entered an ossuary
  2997 | Ossuary  | Reached skill level 9 in Axes
  3173 | Ossuary  | Reached XP level 7. HP: 57/57 MP: 6/6
  3957 | D:5      | Entered Level 5 of the Dungeon
  4038 | D:5      | Noticed kd29's ghost (amateur DsMo)
  4039 | D:5      | Found a transporter.
  4148 | D:5      | Found a transporter.
  4196 | D:5      | Reached skill level 10 in Axes
  4822 | D:6      | Reached skill level 11 in Axes
  4867 | D:6      | Reached XP level 8. HP: 51/64 MP: 7/7
  4897 | D:6      | Slain by an unseen horror

Illustrated notes

Levels and vault maps discovered:
D:1:      eino_arrival_druids_welcome, layout_loops_ring, dk_noncrumbling_4,
          nicolae_shop_vocational
D:2:      layout_rooms, nicolae_elevator_lobby_plus
D:3:      layout_basic, grunt_temple_overflow_cloverleaf,
          shapermc_ecumenical_altar_flowoftime, kennysheep_pointless_box
D:4:      minmay_octagon_keep, layout_loops_corners, makhleb_altar_promises_db,
          ebering_ghost_inner_flame, nicolae_ossuary_entry_monument,
          chequers_serial_rivers_small_b
D:5:      layout_loops_ring, gammafunk_ghost_mausoleum, nrook_mini_vaults
D:6:      layout_basic, minmay_chambers_of_fives

Skill      XL: |  1  2  3  4  5  6  7 |
---------------+----------------------+-----
Axes           | 3 4 6 7 9 11 | 11.8
Fighting       | |  3.6
Armour         | |  3.6
Shields        | |  3.6

Action                   |  1- 3 |  4- 6 |  7- 9 || total
-------------------------+-------+-------+-------++-------
Melee: War axe           |    70 |   113 |    76 ||   259
       Headbutt          |     5 |    19 |    13 ||    37
Throw: Stone             |     3 |     6 |       ||     9
  Use: Scroll            |     3 |     1 |     5 ||     9
       Potion            |       |     3 |     3 ||     6
Armor: Scale mail        |    47 |    27 |    39 ||   113
       Skin              |       |     6 |       ||     6
Dodge: Dodged            |    34 |    40 |    29 ||   103
Block: Buckler           |    16 |    29 |    17 ||    62

Table legend: (Time is in decaauts)
 A = Elapsed time spent in this place.
 B = Non-inter-level travel time spent in this place.
 C = Inter-level travel time spent in this place.
 D = Time resting spent in this place.
 E = Time spent auto-exploring this place.
 F = Levels seen in this place.
 G = Mean time per level.
                   A        B        C        D        E       F      G
               +--------+--------+--------+--------+--------+-----+--------+
         Total |   4942 |   4766 |    176 |    461 |   2928 |   7 |  706.0 |
       Dungeon |   4613 |   4437 |    176 |    313 |   2928 |   6 |  768.8 |
       Ossuary |    328 |    328 |      0 |    148 |      0 |   1 |  328.0 |
               +--------+--------+--------+--------+--------+-----+--------+

Top non-repeatable levels by time:
     D:3: 1192 daAuts
     D:4: 1167 daAuts
     D:1: 772 daAuts
     D:5: 750 daAuts
     D:2: 535 daAuts
 Ossuary: 328 daAuts
     D:6: 195 daAuts
